 Dungeon Crawl Stone Soup version 0.29.0-4-gdea44cf6ec (webtiles) character file.

Game seed: 9484887879921779295

132 qw the Sneak (level 4, 0/21 HPs)
             Began as a Felid Delver on Aug 27, 2022.
             Was an Initiate of Okawaru.
             Killed from afar by a white imp (1 damage)
             ... with a puff of frost
             ... on level 5 of the Dungeon.
             The game lasted 00:00:28 (5282 turns).

qw the Sneak (Felid Delver)                         Turns: 5282, Time: 00:00:29

Health: 0/21       AC:  1    Str:  8    XL:     4   Next: 92%
Magic:  5/5        EV: 20    Int: 12    God:    Okawaru [......]
Gold:   229        SH:  0    Dex: 19    Spells: 3/3 levels left
                                        Lives:  0   Deaths: 1

rFire   . . .      SeeInvis +     - Unarmed
rCold   + + .      Faith    .   (shield unavailable)
rNeg    . . .      Spirit   .   (body armour unavailable)
rPois   .          Reflect  .   (helmet unavailable)
rElec   .          Harm     .   (cloak unavailable)
rCorr   .          Rampage  .   (gloves unavailable)
Will    .....                   (boots unavailable)
Stlth   ++++......              (no amulet)
HPRegen 0.07/turn               c - ring of protection from cold
MPRegen 0.09/turn               l - ring of protection from cold

@: quick
A: very small, claws 1, fangs 3, see invisible, speed 1, shaggy fur 1, stealthy
paws, no weapons or thrown items, no armour, multi-lived
a: Renounce Religion


You were on level 5 of the Dungeon.
You worshipped Okawaru.
Okawaru was noncommittal.
You visited 1 branch of the dungeon, and saw 5 of its levels.

You collected 229 gold pieces.


Innate Abilities, Weirdness & Mutations

You have sharp claws.
You have razor-sharp teeth.
You have supernaturally acute eyesight. (SInv)
You cover ground quickly. (Speed+)
You are covered in fur. (AC +1)
Your paws help you pounce on unaware monsters.
You are incapable of wielding weapons or throwing items.
You cannot wear armour.
You gain extra lives every three experience levels.


   Skills:
 - Level 3.0 Fighting
 - Level 5.0 Dodging
 - Level 6.6 Stealth
 + Level 5.2 Unarmed Combat


You had 3 spell levels left.
You didn't know any spells.
Your spell library was empty.

Inventory:

Jewellery
 c - a ring of protection from cold (left paw)
 l - a ring of protection from cold (right paw)
Wands
 e - a wand of digging (3)
Scrolls
 j - a scroll of identify
Potions
 a - a potion of mutation
 d - a potion of haste
 f - a potion of curing {unknown}
 h - a potion of brilliance {unknown}
 i - a potion of magic {unknown}

Dungeon Overview and Level Annotations

Branches:
Dungeon (5/15)
 Temple: D:4-7

Altars:
Hepliaklqana
Makhleb
Nemelex Xobeh
Okawaru
Qazlal
Ru

Annotations:
D:3 2 transporters


Message History

Found an escape hatch in the floor.
There is an escape hatch in the floor here.
A gnoll comes into view. It is wielding a +0 spear.
A white imp comes into view.
Found an escape hatch in the ceiling.
The white imp shouts!
You hear a shout! x2
The white imp sputters.
The gnoll misses you.
A gnoll comes into view. It is wielding a +0 spear.
You scratch the gnoll but do no damage. The gnoll misses you.
You scratch the gnoll. You bite the gnoll.
The gnoll is moderately wounded.
The gnoll completely misses you.
A gnoll comes into view. It is wielding a +0 spear.
The gnoll closely misses you.
The gnoll shouts!
You scratch the gnoll.
The gnoll is almost dead.
The white imp misses you. The gnoll hits you with a +0 spear.
The gnoll closely misses you.
You claw the gnoll!
You kill the gnoll!
Okawaru accepts your kill. The white imp misses you.
The gnoll hits you from afar with a +0 spear.
You scratch the white imp.
The white imp is lightly wounded.
The white imp closely misses you.
The gnoll hits you from afar with a +0 spear!
The gnoll hits you from afar with a +0 spear.
You scratch the white imp but do no damage.
The white imp is lightly wounded.
The white imp barely misses you. The gnoll closely misses you.
The gnoll barely misses you.
You scratch the white imp.
The white imp is moderately wounded.
The white imp gestures at you. The puff of frost hits you. You resist.
You die...

.# ... ..# #...# ..
#.##.# #####...#### #<
#..#.###..........< .
#..#.............>....
..#..#.#..###...........
......###.# #####(..####
#....#..# #...# #5.###
#...# #.@# #...# #.)#
##.## #gg# ...# ###..
... ..# ..#


You could see 2 gnolls and a white imp.

Vanquished Creatures
  A scorpion (D:2)
  2 hounds (D:4)
  A gnoll (D:5)
  2 adders (D:4)
  An ufetubus (D:4)
  A dart slug (D:5)
  7 orcs
  6 bats
  7 endoplasms
  3 giant cockroaches
  7 goblins
  4 hobgoblins
  3 jackals (D:1)
  7 kobolds
  6 quokkas
  4 ball pythons
  3 frilled lizards
  5 rats
  A spectral kobold (D:4)
71 creatures vanquished.

Notes
Turn   | Place    | Note
-------+----------+-------------------------------------------
     0 | D:5      | qw the Felid Delver began the quest for the Orb.
     0 | D:5      | Reached XP level 1. HP: 10/10 MP: 2/2
     0 | D:5      | 0 ||| qw: Version: 0.1-a-89-g26bdef1
     0 | D:5      | 0 ||| qw: Game counter: 48
     0 | D:5      | 0 ||| qw: Always use a shield: true
     0 | D:5      | 0 ||| qw: God list: Okawaru, Trog
     0 | D:5      | 0 ||| qw: Allow faded altars: false
     0 | D:5      | 0 ||| qw: Do Orc after D:15 true
     0 | D:5      | 0 ||| qw: Do second Lair branch before Depths: true
     0 | D:5      | 0 ||| qw: Lair rune preference: random
     0 | D:5      | 0 ||| qw: Plans: Normal
     0 | D:5      | 0 ||| PLANNING D:1-11
    69 | D:5      | 69 ||| DROPPING scroll of fog.
    70 | D:5      | 70 ||| DROPPING scroll of magic mapping.
    71 | D:5      | 71 ||| DROPPING scroll of fear.
    81 | D:4      | 81 ||| PLANNING SEWER
   646 | D:4      | Reached XP level 2. HP: 14/14 MP: 3/3
   671 | D:4      | Found a glowing drain.
   672 | D:4      | 672 ||| Stepping ~*~*~tactically~*~*~ (outnumbered).
   694 | D:4      | Reached skill level 3 in Unarmed Combat
   862 | D:4      | Found a stormy altar of Qazlal.
   889 | D:4      | 889 ||| RIP SEWER
   889 | D:4      | 889 ||| PLANNING D:1-11
   893 | D:4      | Found an iron altar of Okawaru.
   898 | D:3      | Found a transporter.
   899 | D:3      | Noticed an electric eel
   899 | D:3      | Noticed an electric eel
   930 | D:3      | Reached skill level 3 in Dodging
   977 | D:3      | Found a transporter.
   980 | D:3      | Noticed an electric eel
  1081 | D:3      | 1081 ||| Stepping randomly (stuck).
  1107 | D:2      | Found a faded altar of an unknown god.
  1178 | D:2      | 1178 ||| READING scroll labelled NASSY KODENN.
  1210 | D:1      | Reached XP level 3. HP: 17/17 MP: 4/4
  1263 | D:1      | 1263 ||| Stepping ~*~*~tactically~*~*~ (stealth).
  1446 | D:1      | 1446 ||| Stepping ~*~*~tactically~*~*~ (outnumbered).
  1447 | D:1      | 1447 ||| Stepping ~*~*~tactically~*~*~ (outnumbered).
  1448 | D:1      | 1448 ||| Stepping ~*~*~tactically~*~*~ (outnumbered).
  1449 | D:1      | 1449 ||| Stepping ~*~*~tactically~*~*~ (outnumbered).
  1450 | D:1      | 1450 ||| Stepping ~*~*~tactically~*~*~ (outnumbered).
  1451 | D:1      | 1451 ||| Stepping ~*~*~tactically~*~*~ (outnumbered).
  1452 | D:1      | 1452 ||| Stepping ~*~*~tactically~*~*~ (outnumbered).
  1888 | D:1      | 1888 ||| Stepping ~*~*~tactically~*~*~ (stealth).
  1890 | D:1      | 1890 ||| Stepping ~*~*~tactically~*~*~ (stealth).
  1892 | D:1      | 1892 ||| Stepping ~*~*~tactically~*~*~ (stealth).
  1894 | D:1      | 1894 ||| Stepping ~*~*~tactically~*~*~ (stealth).
  1902 | D:1      | 1902 ||| Stepping ~*~*~tactically~*~*~ (stealth).
  1904 | D:1      | 1904 ||| Stepping ~*~*~tactically~*~*~ (stealth).
  1954 | D:1      | 1954 ||| Stepping ~*~*~tactically~*~*~ (outnumbered).
  1955 | D:1      | 1955 ||| Stepping ~*~*~tactically~*~*~ (outnumbered).
  1956 | D:1      | 1956 ||| Stepping ~*~*~tactically~*~*~ (outnumbered).
  1957 | D:1      | 1957 ||| Stepping ~*~*~tactically~*~*~ (outnumbered).
  1959 | D:1      | 1959 ||| Stepping ~*~*~tactically~*~*~ (outnumbered).
  1961 | D:1      | 1961 ||| Stepping ~*~*~tactically~*~*~ (outnumbered).
  1962 | D:1      | 1962 ||| Stepping ~*~*~tactically~*~*~ (outnumbered).
  2359 | D:1      | 2359 ||| UPGRADING to ring of protection from cold.
  2360 | D:1      | 2360 ||| READING scroll labelled GIXETEWKA KOSK.
  2361 | D:1      | 2361 ||| READING scroll labelled TUIKHU NESMULE.
  2881 | D:2      | Noticed a scorpion
  2891 | D:2      | Killed a scorpion
  2892 | D:2      | Reached XP level 4. HP: 20/21 MP: 5/5
  2989 | D:2      | 2989 ||| UPGRADING to ring of protection from cold.
  2990 | D:2      | 2990 ||| READING scroll labelled NUTRA YGHYOCK.
  2993 | D:2      | 2993 ||| READING scroll labelled DOTSIZOLEL.
  2994 | D:2      | 2994 ||| READING scroll labelled BOAMATR TUOSI.
  2995 | D:2      | 2995 ||| READING scroll labelled PIMOUL AZEN.
  3118 | D:3      | 3118 ||| STAIRDANCE
  3127 | D:3      | 3127 ||| STAIRDANCE
  3224 | D:3      | Found a sparkling altar of Nemelex Xobeh.
  3461 | D:3      | Found a sacrificial altar of Ru.
  3534 | D:3      | 3534 ||| DRINKING 2 blue potions.
  3635 | D:3      | 3635 ||| READING 2 scrolls of identify.
  3635 | D:3      | 3635 ||| IDENTIFYING glowing brown potion
  3636 | D:3      | 3636 ||| DROPPING potion of ambrosia.
  3670 | D:3      | 3670 ||| Stepping randomly (stuck).
  3731 | D:4      | Reached XP level 5. HP: 7/24 MP: 6/6
  3731 | D:4      | HP: 5/24 [adder (2)]
  4063 | D:4      | 4063 ||| Stepping ~*~*~tactically~*~*~ (stealth).
  4065 | D:4      | 4065 ||| Stepping ~*~*~tactically~*~*~ (stealth).
  4069 | D:4      | 4069 ||| Stepping ~*~*~tactically~*~*~ (outnumbered).
  4070 | D:4      | 4070 ||| FLEEEEING.
  4146 | D:4      | 4146 ||| Stepping ~*~*~tactically~*~*~ (stealth).
  4148 | D:4      | 4148 ||| Stepping ~*~*~tactically~*~*~ (stealth).
  4153 | D:4      | 4153 ||| Stepping ~*~*~tactically~*~*~ (stealth).
  4154 | D:4      | 4154 ||| Stepping ~*~*~tactically~*~*~ (stealth).
  4155 | D:4      | 4155 ||| Stepping ~*~*~tactically~*~*~ (stealth).
  4156 | D:4      | 4156 ||| Stepping ~*~*~tactically~*~*~ (stealth).
  4345 | D:4      | HP: 5/24 [hound (4)]
  4349 | D:4      | HP: 2/24 [hound (3)]
  4354 | D:4      | Slain by an adder
  4355 | D:4      | Reached XP level 4. HP: -2/21 MP: 5/5
  4386 | D:4      | Became a worshipper of Warmaster Okawaru
  4621 | D:4      | Identified the +1 robe "Meuneat" {Harm +Inv rF+}
  4751 | D:4      | Found a hazy altar of Hepliaklqana.
  4969 | D:4      | 4969 ||| READING scroll labelled ZIJAMODIVA.
  4970 | D:4      | 4970 ||| READING 2 scrolls of identify.
  4970 | D:4      | 4970 ||| IDENTIFYING silvery potion
  4971 | D:4      | 4971 ||| DROPPING potion of attraction.
  5062 | D:5      | 5062 ||| Stepping ~*~*~tactically~*~*~ (hiding).
  5164 | D:5      | 5164 ||| Stepping ~*~*~tactically~*~*~ (hiding).
  5164 | D:5      | Found a burning altar of Makhleb.
  5164 | D:5      | Noticed a sky beast
  5176 | D:5      | 5176 ||| Stepping ~*~*~tactically~*~*~ (hiding).
  5178 | D:5      | 5178 ||| Stepping ~*~*~tactically~*~*~ (hiding).
  5180 | D:5      | 5180 ||| Stepping ~*~*~tactically~*~*~ (hiding).
  5182 | D:5      | 5182 ||| Stepping ~*~*~tactically~*~*~ (hiding).
  5188 | D:5      | 5188 ||| FLEEEEING.
  5189 | D:5      | 5189 ||| FLEEEEING.
  5197 | D:5      | 5197 ||| STAIRDANCE
  5280 | D:5      | HP: 3/21 [gnoll/+0 spear (8)]
  5280 | D:5      | HP: 1/21 [gnoll/+0 spear (2)]
  5282 | D:5      | Killed from afar by a white imp

Levels and vault maps discovered:
D:1:      dpeg_arrival_morbid_curiosity, layout_basic, minmay_misc_feat_five
D:2:      layout_basic, shapermc_ecumenical_altar_starsandcircs
D:3:      gammafunk_steamed_eel, layout_rooms, nicolae_overflow_hidden_temple,
          hangedman_ru_absence
D:4:      layout_loops_corners, nicolae_qazlal_scattered_showers,
          nicolae_hepliaklqana_monster_ancestors,
          mainiacjoe_overflow_small_starburst, portal_sewer_entry_f
D:5:      layout_loops_cross, bloody_makhleb, minmay_hollow_rounded_squares

Skill      XL: |  1  2  3  4  5 |
---------------+----------------+-----
Unarmed Combat | 3 4 5 |  5.2
Dodging        | 3 4 5 |  5.0
Fighting       | |  3.0
Stealth        | |  6.6

Action                   |  1- 3 |  4- 6 || total
-------------------------+-------+-------++-------
Melee: Unarmed           |   135 |   109 ||   244
       Bite              |    10 |    10 ||    20
       Punch             |     2 |     2 ||     4
  Use: Scroll            |     3 |     7 ||    10
       Potion            |       |     1 ||     1
 Stab: Sleeping          |     2 |     1 ||     3
Armor: Skin              |     5 |     1 ||     6
Dodge: Dodged            |    92 |    98 ||   190

Table legend:
 A = Non-vault XP
 B = Vault XP
 C = Vault XP percentage of total XP
 D = Non-vault monster count
 E = Vault monster count
 F = Vault count percentage of total count
                 A         B        C        D         E       F
            +---------+---------+-------+---------+---------+-------
      Total |     319 |      18 |   5.3 |      61 |      10 |  14.1
            +---------+---------+-------+---------+---------+-------
        D:1 |      36 |       9 |  20.0 |      22 |       5 |  18.5
        D:2 |      89 |       0 |   0.0 |       7 |       0 |   0.0
        D:3 |      32 |       0 |   0.0 |      16 |       0 |   0.0
        D:4 |     144 |       9 |   5.9 |      14 |       5 |  26.3
        D:5 |      18 |       0 |   0.0 |       2 |       0 |   0.0
            +---------+---------+-------+---------+---------+-------
